 Dungeon Crawl Stone Soup version 0.28.0-43-g3370ac3207 (webtiles) character file.

Game seed: 13543560818815774644

1701 Destapler the Fighter (level 9, -5/98 HPs)
             Began as an Ogre Berserker on Mar 6, 2022.
             Was a Believer of Trog.
             Slain by a wyvern (16 damage)
             ... on level 7 of the Dungeon.
             The game lasted 00:10:45 (7533 turns).

Destapler the Fighter (Ogre Berserker)              Turns: 7533, Time: 00:10:45

Health: -5/98      AC:  3    Str: 27    XL:     9   Next: 3%
Magic:  9/9        EV: 13    Int:  8    God:    Trog [**....]
Gold:   316        SH:  5    Dex:  8    Spells: 8/8 levels left

rFire   + . .      SeeInvis .   a - +0 hand axe
rCold   . . .      Faith    .   n - +0 kite shield
rNeg    . . .      Spirit   .   b - +0 animal skin
rPois   .          Reflect  .   (helmet restricted)
rElec   .          Harm     .   (no cloak)
rCorr   .          Rampage  .   (gloves unavailable)
Will    ++...                   (boots unavailable)
Stlth   +.........              (no amulet)
HPRegen 1.26/turn               l - +4 ring of evasion
MPRegen 0.11/turn               w - ring of protection from fire

@: strong-willed, regenerating
A: large, unfitting armour, tough skin 1
a: Renounce Religion, Berserk, Trog's Hand


You were on level 7 of the Dungeon.
You worshipped Trog.
Trog was pleased with you.
You visited 1 branch of the dungeon, and saw 7 of its levels.

You collected 316 gold pieces.

Inventory:

Hand Weapons
 a - a +0 hand axe (weapon)
 o - a +1 whip of electrocution
 A - a +2 flail of holy wrath
Missiles
 y - 5 silver boomerangs (quivered)
Armour
 b - a +0 animal skin (worn)
 n - a +0 kite shield (worn)
 u - a +0 cloak
Jewellery
 l - a +4 ring of evasion (left hand)
 w - a ring of protection from fire (right hand)
Wands
 q - a wand of polymorph (9)
 x - a wand of iceblast (7)
 B - a wand of flame (25)
Scrolls
 c - 4 scrolls of teleportation
 g - 2 scrolls of identify
 j - a scroll of blinking {unknown}
 s - a scroll of summoning {unknown}
 t - a scroll of enchant armour {unknown}
Potions
 d - a potion of degeneration {unknown}
 h - a potion of magic {unknown}
 k - a potion of haste {unknown}
 m - 3 potions of attraction
 p - 4 potions of curing
 r - a potion of flight {unknown}
 v - 2 potions of heal wounds {unknown}
 z - a potion of ambrosia {unknown}


   Skills:
 + Level 9.3 Fighting
 + Level 7.1 Axes
 + Level 6.5 Dodging


You had 8 spell levels left.
You didn't know any spells.
Your spell library contained the following spells:

 Spells                   Type           Power      Damage    Failure   Level
 Animate Skeleton         Necr           0%         N/A       75%         1
 Pain                     Necr           0%         1d4       75%         1
 Sublimation of Blood     Necr           0%         N/A       87%         2
 Vampiric Draining        Necr           0%         2d6       98%         3
 Petrify                  Tmut/Erth      0%         N/A       100%        4
 Irradiate                Conj/Tmut      0%         3d13      100%        5


Dungeon Overview and Level Annotations

Branches:
Dungeon (7/15)
 Temple: D:4-7

Altars:
Hepliaklqana
Xom
Beogh

Shops:
D:4 (

Annotations:
D:6 1 runed translucent door, tailblues's ghost, novice HuCA
D:7 Maggie


Innate Abilities, Weirdness & Mutations

You are too large for most types of armour.
You have tough skin. (AC +1)


Message History

You closely miss the orc. The orc priest hits you with a +0 mace.
You block the orc's attack.
The orc priest mumbles some strange prayers to Beogh against you.
Beogh smites you!
You slash the orc priest!
You kill the orc priest!
Trog accepts your kill.
You hit the orc. The orc hits you with a +0 club.
You block the orc priest's attack.
You hit the orc.
The orc is severely wounded.
You hit the wyvern but do no damage. The wyvern misses you.
The orc hits you but does no damage.
The orc priest looks braver for a moment.
The wyvern bites you but does no damage.
You barely miss the orc.
The orc is severely wounded.
You hit the wyvern but do no damage. The wyvern bites you!
The orc barely misses you.
The orc priest hits you from afar with a +0 trident.
The wyvern bites you!
You closely miss the orc.
The orc is severely wounded.
You hit the wyvern but do no damage.
The orc priest looks satisfied for a moment.
The orc closely misses you. The wyvern bites you!
* * * LOW HITPOINT WARNING * * *
You slash the orc!
You kill the orc!
Trog accepts your kill.
You hit the wyvern. The wyvern bites you!
* * * LOW HITPOINT WARNING * * *
The orc priest invokes the aid of Beogh against you.
Beogh smites you!
* * * LOW HITPOINT WARNING * * *
The wyvern barely misses you.
The orc priest hits you with a +0 trident.
* * * LOW HITPOINT WARNING * * *
The wyvern bites you!
You die...

**,** *,,******,,**
*#### **,** *,**
**..# * **,** **,*
**..* * **,**#,,*
*..** * **,,..,*
###.** **
*,,..>#**##..**
,******,,..=..##..#*
*,,,,,,,,.........#
******,,,,,***#o@l##
***,,** ###))# *,,*
#..## **^** ##..#
*******,,* *#..##
,,,,,,,,,* *#..##
,,,,,,,,,*** *#..#*
,*****,,,,,**#..#*
** **,,,,,,...#*


You could see a wyvern and an orc priest.

Vanquished Creatures
  Grinder (D:4)
  Sigmund (D:4)
  Edmund (D:6)
  2 water moccasins (D:6)
  An ice beast (D:5)
  A black bear (D:6)
  A scorpion (D:5)
  A water moccasin skeleton (D:4)
  A bullfrog zombie (D:5)
  Crazy Yiuf (D:4)
  2 bullfrog skeletons
  4 hounds
  3 orc priests
  A jelly (D:4)
  3 iguanas
  Ijyb (D:4)
  3 orc wizards (D:3)
  8 gnolls
  An adder (D:4)
  A white imp (D:6)
  3 adder skeletons (D:4)
  A worm (D:2)
  2 dart slugs
  17 orcs
  3 endoplasms
  7 giant cockroaches
  7 goblins
  7 hobgoblins
  2 quokkas (D:1)
  10 ball pythons
  5 bats
  5 frilled lizards
  5 kobolds
  2 rats (D:3)
114 creatures vanquished.

Vanquished Creatures (others)
  A bush (D:5)
  A plant (D:1)
2 creatures vanquished.

Grand Total: 116 creatures vanquished

Notes
Turn   | Place    | Note
-------+----------+-------------------------------------------
     0 | D:1      | Destapler the Ogre Berserker began the quest for the Orb.
     0 | D:1      | Reached XP level 1. HP: 24/24 MP: 1/1
   164 | D:1      | Reached XP level 2. HP: 32/32 MP: 2/2
   399 | D:1      | Reached XP level 3. HP: 32/40 MP: 3/3
   737 | D:1      | Found a faded altar of an unknown god.
   758 | D:1      | You fall into a shaft and drop 1 floor!
  1506 | D:2      | Reached ** piety under Trog
  1750 | D:3      | Reached XP level 4. HP: 40/49 MP: 4/4
  2031 | D:3      | Reached skill level 5 in Fighting
  2207 | D:3      | Reached XP level 5. HP: 20/57 MP: 5/5
  2426 | D:3      | Found a shimmering altar of Xom.
  2427 | D:3      | Found a hazy altar of Hepliaklqana.
  2428 | D:3      | Noticed a spectral ugly thing
  2810 | D:3      | Reached XP level 6. HP: 36/67 MP: 6/6
  2819 | D:3      | Reached skill level 6 in Fighting
  3259 | D:4      | Found Sulirivafo's Weapon Shoppe.
  3575 | D:4      | Noticed Grinder
  3594 | D:4      | Killed Grinder
  3595 | D:4      | Reached skill level 5 in Axes
  3595 | D:4      | Reached XP level 7. HP: 59/76 MP: 7/7
  3862 | D:4      | Noticed Sigmund
  3862 | D:4      | Noticed Ijyb
  3892 | D:4      | Killed Ijyb
  3893 | D:4      | Reached skill level 7 in Fighting
  3898 | D:4      | Killed Sigmund
  3899 | D:4      | Reached skill level 5 in Dodging
  4555 | D:4      | Found a runed translucent door.
  4556 | D:4      | Noticed Crazy Yiuf
  4702 | D:4      | Killed Crazy Yiuf
  4703 | D:4      | Reached XP level 8. HP: 46/88 MP: 1/8
  4961 | D:5      | Entered Level 5 of the Dungeon
  5764 | D:5      | Reached skill level 8 in Fighting
  6046 | D:6      | Found a runed translucent door.
  6047 | D:6      | Noticed tailblues's ghost (novice HuCA)
  6725 | D:6      | Noticed Edmund
  6745 | D:6      | Killed Edmund
  7043 | D:6      | Reached skill level 9 in Fighting
  7407 | D:6      | Reached XP level 9. HP: 98/98 MP: 9/9
  7505 | D:7      | Noticed Maggie
  7533 | D:7      | Slain by a wyvern

Illustrated notes

Levels and vault maps discovered:
D:1:      lightli_iron_boxes, layout_basic,
          shapermc_ecumenical_altar_mp_ritualfount,
          hangedman_abyss_or_decor_lesser_grid, chequers_mini_garden,
          st_stairs_4
D:2:      layout_loops_ring, minmay_misc_feat_iff, glass_columns_c
D:3:      layout_loops_ring, regret_index_temple_of_mockery,
          kennysheep_orc_chapel
D:4:      layout_rooms, serial_shops, shop, uniq_sigmund,
          uniq_crazy_yiuf_cottage, uniq_grinder, uniq_ijyb
D:5:      layout_basic, minmay_hedge_maze
D:6:      layout_gridville, minmay_temple_entry_overgrown,
          hellmonk_ghost_happy_afterlife, uniq_edmund
D:7:      layout_layer_cave, lightli_ossuary_entry_decrepit_ruins,
          uniq_menkaure, uniq_maggie, uniq_joseph

Skill      XL: |  1  2  3  4  5  6  7  8 |
---------------+-------------------------+-----
Dodging        | 3 4 5 6 |  6.5
Fighting       | 5 6 7 9 |  9.3
Axes           | 4 5 7 |  7.1

Action                   |  1- 3 |  4- 6 |  7- 9 || total
-------------------------+-------+-------+-------++-------
Melee: Hand axe          |   102 |   119 |   274 ||   495
Invok: Berserk           |     2 |     2 |     6 ||    10
       Trog's Hand       |       |     2 |     3 ||     5
  Use: Potion            |       |     1 |     1 ||     2
       Scroll            |       |       |     6 ||     6
Armor: Animal skin       |    32 |    20 |    43 ||    95
Dodge: Dodged            |    59 |    35 |    93 ||   187
Block: Kite shield       |       |    16 |    61 ||    77
